 Dungeon Crawl Stone Soup version 0.31.0-32-g396128a36d (webtiles) character file.

Game seed: 15007569596773545496

114 monsoonserge the Cudgeller (level 4, -2/33 HPs)
             Began as an Octopode Cinder Acolyte on Mar 21, 2024.
             Was a High Priest of Ignis.
             Slain by Eustachio
             ... wielding a +0 rapier
              (7 damage)
             ... on level 4 of the Dungeon.
             The game lasted 00:05:54 (2540 turns).

monsoonserge the Cudgeller (OpCA)                   Turns: 2540, Time: 00:05:54

Health: -2/33      AC:  1    Str: 15    XL:     4   Next: 98%
Magic:  5/5        EV: 12    Int: 22    God:    Ignis [*****.]
Gold:   120        SH:  0    Dex:  7    Spells: 3/5 levels left

rFire   + . .        a - -1 mace (flame)
rCold   . . .        (no shield)
rNeg    . . .        (helmet restricted)
rPois   .            (no amulet)
rElec   .            f - +6 ring of intelligence
rCorr   .            (no ring)
SInv    .            (no ring)
Will    .....        (no ring)
Stlth   +++          (no ring)
HPRegen 0.25/turn    (no ring)
MPRegen 0.09/turn    (no ring)
                     (no ring)

%: no passive effects
@: no status effects
A: almost no armour, amphibious, 8 rings, camouflage 1, gelatinous body 1,
(nimble swimmer 1), tentacles
a: Renounce Religion, Fiery Armour, Foxfire Swarm, Rising Flame


You were on level 4 of the Dungeon.
You worshipped Ignis.
Ignis was extremely pleased with you.
You visited 1 branch of the dungeon, and saw 4 of its levels.

You collected 120 gold pieces.

Inventory:

Hand Weapons
 a - a -1 mace of flaming (weapon)
Missiles
 h - 2 javelins (quivered)
Jewellery
 f - a +6 ring of intelligence (left tentacle)
Wands
 g - a wand of paralysis (6)
Scrolls
 b - a scroll of teleportation {unknown}
 c - a scroll of revelation {unknown}
 d - a scroll of identify {unknown}
 j - a scroll of amnesia {unknown}
Potions
 e - a potion of curing {unknown}
 i - a potion of attraction {unknown}
 k - a potion of haste {unknown}


   Skills:
 + Level 3.6 Fighting
 + Level 3.7 Maces & Flails
 + Level 1.3 Dodging
 + Level 2.7 Stealth
 + Level 1.0 Spellcasting
 + Level 3.3 Fire Magic
 + Level 1.0 Evocations


You had 3 spell levels left.
You knew the following spells:

 Your Spells              Type           Power      Damage    Failure   Level
a - Scorch                Fire           30%        2d6       6%          2

Your spell library contained the following spells:

 Spells                   Type           Power      Damage    Failure   Level
 Shock                    Conj/Air       4%         1d3       16%         1
 Swiftness                Air            1%         N/A       41%         3
 Airstrike                Air            0%         2d(1-17)  83%         4


Dungeon Overview and Level Annotations

Branches:
Dungeon (4/15)
 Temple: D:4-7

Altars:
Cheibriados
Vehumet
Xom
The Shining One

Annotations:
D:3 Grinder
D:4 Eustachio


Innate Abilities, Weirdness & Mutations

You cannot wear most types of armour.
You are amphibious.
You can wear up to eight rings at the same time.
Your skin changes colour to match your surroundings (Stealth+).
Your rubbery body absorbs attacks. (AC +1, EV +1)
((You are camouflaged when in or above water. (Stealth+)))
You have tentacles for arms and can constrict up to eight enemies at once.


Message History

You hear the hiss of flowing sand.
There is an entrance to an ossuary on this level.
Hurry and find it before the portal is buried!
Level annotation: Eustachio You hear the hiss of a very distant avalanche of sand.
There is a stone staircase leading up, spattered with blood here.
The endoplasm hits you but does no damage.
Eustachio mumbles some strange words.
Eustachio blinks!
You climb upwards.
Level annotation: Grinder
There is a stone staircase leading down here.
You hit the endoplasm. You burn the endoplasm.
The endoplasm is heavily wounded.
The endoplasm hits you. The endoplasm freezes you.
You are frozen.
You thump the endoplasm! You burn the endoplasm.
You kill the endoplasm!
You start resting.
HP restored.
You climb downwards.
You hear the hiss of flowing sand.
There is an entrance to an ossuary on this level.
Hurry and find it before the portal is buried!
Level annotation: Eustachio Eustachio hits you with a +0 rapier!
The hobgoblin closely misses you. Eustachio hits you with a +0 rapier.
The hobgoblin hits you.
There is a stone staircase leading up, spattered with blood here.
You barely miss Eustachio. You grab Eustachio.
You constrict Eustachio, but do no damage.
Eustachio closely misses you. The hobgoblin hits you.
You hit Eustachio but do no damage. You constrict Eustachio.
Eustachio hits you with a +0 rapier!
* * * LOW HITPOINT WARNING * * *
The hobgoblin misses you.
Activating: Foxfire Swarm
Press: ? - help, Dir - look around, f - activate Flames leap up around you!
You constrict Eustachio. Eustachio hits you with a +0 rapier!
You die...
Eustachio twirls his moustache.

.... . ... . .. ... ###
.. .##. ##..# .. ...
###vv.### # .. ##.
#vvv#...##...#. ##..
#v@@#....#......#...
#vvgvv...#..........
#vvvvv...........#..
#.............####..
#..............####...
#.....#.........#.#....
#.....#................
.....##..(!............
..... .................


You could see Eustachio (ally target) and a hobgoblin (ally target).

Vanquished Creatures
  A howler monkey (D:3)
  2 adders (D:3)
  2 ribbon worms (D:2)
  An orc (D:3)
  4 ball pythons
  4 endoplasms
  2 giant cockroaches
  3 goblins
  4 hobgoblins
  2 jackals (D:2)
  3 kobolds
  2 quokkas (D:1)
  5 bats
  5 frilled lizards
  2 orc zombies (D:4)
  7 rats
49 creatures vanquished.

Notes
Turn   | Place    | Note
-------+----------+-------------------------------------------
     0 | D:1      | monsoonserge the Octopode Cinder Acolyte began the quest
                  | for the Orb.
     0 | D:1      | Reached XP level 1. HP: 16/16 MP: 2/2
   278 | D:1      | Found a faded altar of an unknown god.
   299 | D:1      | Reached XP level 2. HP: 9/21 MP: 3/3
   303 | D:1      | Learned a level 2 spell: Scorch
  1013 | D:2      | Reached XP level 3. HP: 26/26 MP: 4/4
  1360 | D:2      | Found a glowing golden altar of the Shining One.
  1609 | D:3      | Found a radiant altar of Vehumet.
  1610 | D:3      | Found a snail-covered altar of Cheibriados.
  1628 | D:3      | Reached skill level 1 in Stealth
  1790 | D:3      | Noticed Grinder
  1803 | D:3      | Reached XP level 4. HP: 16/31 MP: 5/5
  2015 | D:3      | Found a shimmering altar of Xom.
  2345 | D:4      | Found a glowing golden altar of the Shining One.
  2363 | D:3      | Reached skill level 1 in Dodging
  2363 | D:3      | Reached skill level 1 in Evocations
  2385 | D:4      | Noticed Eustachio
  2540 | D:4      | Slain by Eustachio

Illustrated notes

Levels and vault maps discovered:
D:1:      dpeg_arrival_tiny_j, layout_basic,
          hellmonk_ecumenical_altar_crossroads, minivault_25,
          lemuel_flame_loot_1
D:2:      layout_loops_cross, basic_altar, minmay_misc_feat_secret_circle
D:3:      layout_basic, nicolae_overflow_hidden_temple,
          mainiacjoe_overflow_divided_tiny, uniq_grinder
D:4:      layout_cave_pools, nicolae_tso_besieged_by_evil, enter_ossuary_1,
          serial_shops, kennysheep_mini_moat, kennysheep_diamond,
          uniq_eustachio, uniq_natasha

Skill      XL: |  1  2  3  4 |
---------------+-------------+-----
Stealth        | 2 |  2.7
Dodging        | 1 |  1.3
Evocations     | 1 |  1.0
Fighting       | |  3.6
Maces & Flails | |  3.7
Spellcasting   | |  1.0
Fire Magic     | |  3.3

Action                     |  1- 3 |  4- 6 || total
---------------------------+-------+-------++-------
  Melee: Mace              |    80 |    32 ||   112
         Tentacles         |    12 |     5 ||    17
         Constrict         |    13 |     7 ||    20
 Invoke: Foxfire Swarm     |       |     1 ||     1
   Stab: Sleeping          |     6 |     3 ||     9
 Armour: Skin              |    35 |    18 ||    53
  Dodge: Dodged            |    55 |    16 ||    71
